 Dungeon Crawl Stone Soup version 0.27.0-66-gdc8fb28755 (webtiles) character file.

Game seed: 9690030800376896265

2760 VictoriousLee the Zephyrmancer (level 9, -9/45 HPs)
             Began as a Tengu Air Elementalist on Aug 19, 2021.
             Mangled by Harold (24 damage)
             ... while paralysed by Harold
             ... on level 7 of the Dungeon.
             The game lasted 00:55:12 (6745 turns).

VictoriousLee the Zephyrmancer (TeAE)               Turns: 6745, Time: 00:55:12

Health: -9/45      AC:  5    Str:  9    XL:     9   Next: 69%
Magic:  13/20      EV:  2    Int: 19    God:
Gold:   211        SH:  0    Dex: 14    Spells: 12/19 levels left

rFire    . . .     SeeInvis .   M - +2 whip (flame)
rCold    . . .     Faith    .   (no shield)
rNeg     . . .     Spirit   .   a - +0 robe
rPois    .         Reflect  .   (helmet restricted)
rElec    .         Harm     .   h - +2 cloak
rCorr    .         Rampage  .   (no gloves)
Will     .....                  (boots unavailable)
Stlth    ++........             (no amulet)
HPRegen  0.15/turn              (no ring)
MPRegen  0.17/turn              (no ring)

@: paralysed, marked, flying quickly and evasively, held, quick
A: beak, talons 3, nimble flight, high mp 1
a: no special abilities


You were on level 7 of the Dungeon.
You visited 1 branch of the dungeon, and saw 7 of its levels.

You collected 211 gold pieces.

Inventory:

Hand Weapons
 b - a +0 battleaxe
 g - a +0 club
 i - a +0 dagger
 k - a +0 long sword
 n - a +0 short sword
 u - a +0 mace
 A - a +3 flail
 C - a +0 hand crossbow
 M - a +2 whip of flaming (weapon)
 N - a +0 hand crossbow
Missiles
 d - 171 stones
 e - 44 arrows
 q - 87 bolts
 B - 3 silver boomerangs
 L - 2 curare-tipped darts
Armour
 a - a +0 robe (worn)
 h - a +2 cloak (worn)
 l - a +0 leather armour
 t - a +0 animal skin
 x - a +0 leather armour
 E - a +0 tower shield
 K - a +0 ring mail
Wands
 w - a wand of mindburst (18)
 I - a wand of flame (10)
 Q - a wand of acid (9)
Scrolls
 m - 2 scrolls of teleportation {unknown}
 o - a scroll of immolation {unknown}
 r - 2 scrolls of blinking {unknown}
 v - a scroll of fog {unknown}
 y - 3 scrolls of silence {unknown}
 z - a scroll of enchant weapon {unknown}
 O - a scroll of amnesia
 P - a scroll of brand weapon {unknown}
Potions
 c - a potion of might
 f - a potion of lignification
 j - 2 potions of heal wounds {unknown}
 p - 2 potions of mutation
 s - a potion of cancellation
 D - 3 potions of ambrosia
 F - a potion of degeneration
 G - 2 potions of berserk rage
 H - a potion of magic
 J - 4 potions of curing {unknown}


   Skills:
 - Level 5.0 Dodging
 - Level 2.0 Stealth
 + Level 5.9 Spellcasting
 - Level 8.6 Conjurations
 - Level 11.4 Air Magic


You had 12 spell levels left.
You knew the following spells:

 Your Spells              Type           Power      Damage    Failure   Level
a - Airstrike             Air            24%        N/A       1%          4
s - Static Discharge      Conj/Air       43%        N/A       1%          2
z - Shock                 Conj/Air       100%       1d9       1%          1

Your spell library contained the following spells:

 Spells                   Type           Power      Damage    Failure   Level
 Swiftness                Air            49%        N/A       1%          3
 Call Canine Familiar     Summ           5%         N/A       34%         3
 Portal Projectile        Hex/Tloc       10%        N/A       34%         3
 Leda's Liquefaction      Hex/Erth       2%         N/A       75%         4


Dungeon Overview and Level Annotations

Branches:
Dungeon (7/15)             Temple (0/1) D:6

Altars:
Fedhas

Annotations:
D:4 3 runed translucent doors, RascalDebosk's ghost, amateur DrFi; bronco's ghost, amateur SpGl
D:6 Edmund
D:7 Harold


Innate Abilities, Weirdness & Mutations

You have a beak for a mouth.
You have claws for feet.
Your magical nature lets you fly swiftly and evasively.
You have an increased reservoir of magic. (+10% MP)


Message History

Harold points at you and mumbles some strange words.
A sentinel's mark forms upon you.
You can move again.
Aiming: Shock (safe; 1% risk of failure)
Press: ? - help, Q - select action, (/) - cycle Shift-Dir - straight line The zap hits Harold.
Harold is lightly wounded.
The zap hits Harold.
Harold is moderately wounded.
Harold barely misses you.
Aiming: Shock (safe; 1% risk of failure)
Press: ? - help, Q - select action, (/) - cycle Shift-Dir - straight line The zap misses Harold.
The zap hits Harold.
Harold is moderately wounded.
Harold closely misses you.
Unknown command.
Casting: Shock (safe; 1% risk of failure)
Confirm with . or Enter, or press ? or * to list all spells.
Harold is struck by an arc of lightning.
Harold is moderately wounded.
You are struck by an arc of lightning.
Harold is struck by an arc of lightning.
Harold is heavily wounded.
The lightning grounds out.
Harold hits you with a +0 hand axe!
Casting: Static Discharge (safe; 1% risk of failure)
Confirm with . or Enter, or press ? or * to list all spells.
Harold is struck by an arc of lightning!
Harold is severely wounded.
The lightning grounds out.
Harold hits you with a +0 hand axe!
Aiming: Corrosive Bolt
Press: ? - help, Shift-Dir - straight line, f - Harold
Aim: Harold, wielding a +0 hand axe, wearing a +0 ring mail and carrying a wand of paralysis (2) (severely wounded, 83% to hit)
The bolt of acid hits Harold.
Harold is splashed with acid.
Harold is severely wounded.
Harold zaps a wand.
You suddenly lose the ability to move!
Harold casts a spell at you. The mark upon you grows brighter.
Harold hits you with a +0 hand axe!!
Ouch! That really hurt!
You die...

#................#####.......
....#........................
....#####..............<.....
......# ##...###...........!.
###...#####.#####...........#
##....##..##.##..........##
##...................@...
####.#.#........#......
#####....@@..#......
##.#.#..........
#####..#.(..... #..........##
#...........# ###........##
#..##....# #### #####


You could see Harold.

Vanquished Creatures
  Pikel (D:3)
  Grinder (D:5)
  Sigmund (D:4)
  A wyvern (D:7)
  Menkaure (D:4)
  2 water moccasins
  An orc warrior (D:7)
  2 ice beasts
  An ogre (D:5)
  3 lemures (D:4)
  2 scorpions
  5 water moccasin zombies (D:5)
  2 wights (D:7)
  A howler monkey (D:5)
  3 centaur zombies
  2 hounds (D:5)
  2 jellies
  2 bullfrog skeletons (D:4)
  Ijyb (D:4)
  An iguana (D:5)
  Natasha (thrice) (D:3)
  A hound skeleton (D:4)
  Robin (D:2)
  7 gnolls
  4 adders
  A dart slug (D:3)
  12 orcs
  4 bats
  6 endoplasms
  2 giant cockroaches (D:2)
  14 goblins
  9 hobgoblins
  6 jackals (D:3)
  4 quokkas
  7 ball pythons
  9 kobolds
  5 rats
130 creatures vanquished.

Vanquished Creatures (others)
  6 withered plants
6 creatures vanquished.

Grand Total: 136 creatures vanquished

Notes
Turn   | Place    | Note
-------+----------+-------------------------------------------
     0 | D:1      | VictoriousLee the Tengu Air Elementalist began the quest
                  | for the Orb.
     0 | D:1      | Reached XP level 1. HP: 10/10 MP: 4/4
    88 | D:1      | Found a faded altar of an unknown god.
   331 | D:1      | Reached XP level 2. HP: 15/15 MP: 0/6
  1036 | D:1      | Learned a level 2 spell: Static Discharge
  1229 | D:2      | Reached XP level 3. HP: 19/19 MP: 2/8
  1582 | D:2      | Noticed Robin
  1603 | D:2      | Killed Robin
  1922 | D:2      | Reached XP level 4. HP: 24/24 MP: 5/9
  2170 | D:3      | Noticed Natasha
  2186 | D:3      | Killed Natasha
  2414 | D:3      | Noticed Natasha
  2449 | D:3      | Reached skill level 5 in Conjurations
  2526 | D:3      | Gained mutation: Your magical nature lets you fly swiftly
                  | and evasively. [Tengu growth]
  2526 | D:3      | Reached XP level 5. HP: 22/28 MP: 6/10
  2575 | D:2      | Learned a level 4 spell: Airstrike
  2630 | D:3      | Noticed an ice beast
  2696 | D:3      | Killed an ice beast
  2697 | D:3      | Reached skill level 5 in Air Magic
  2697 | D:3      | Reached XP level 6. HP: 32/32 MP: 4/11
  2708 | D:3      | Killed Natasha
  2827 | D:3      | Noticed Natasha
  2834 | D:3      | Killed Natasha
  3085 | D:4      | Reached skill level 6 in Air Magic
  3153 | D:4      | Found a runed translucent gate.
  3153 | D:4      | Found a runed translucent gate.
  3154 | D:4      | Found a runed translucent gate.
  3158 | D:4      | Noticed RascalDebosk's ghost (amateur DrFi)
  3158 | D:4      | Noticed bronco's ghost (amateur SpGl)
  3489 | D:4      | Noticed Sigmund
  3517 | D:4      | Gained mutation: You have an increased reservoir of magic.
                  | (+10% MP) [potion of mutation]
  3523 | D:4      | Killed Sigmund
  3524 | D:4      | Reached skill level 7 in Air Magic
  3524 | D:4      | Reached XP level 7. HP: 19/36 MP: 3/13
  3670 | D:4      | Noticed Ijyb
  3682 | D:4      | Killed Ijyb
  3910 | D:4      | Noticed Pikel
  3974 | D:3      | Killed Pikel
  3975 | D:3      | Reached skill level 8 in Air Magic
  3975 | D:3      | Reached XP level 8. HP: 6/41 MP: 2/14
  4289 | D:4      | Noticed Menkaure
  4316 | D:4      | Killed Menkaure
  4922 | D:5      | Entered Level 5 of the Dungeon
  4955 | D:5      | Reached skill level 9 in Air Magic
  5281 | D:5      | Found a blossoming altar of Fedhas.
  5340 | D:5      | Reached skill level 5 in Dodging
  5681 | D:5      | Reached XP level 9. HP: 41/45 MP: 9/17
  5682 | D:5      | Reached skill level 10 in Air Magic
  5782 | D:5      | Noticed Grinder
  5803 | D:5      | Killed Grinder
  6080 | D:6      | Found a staircase to the Ecumenical Temple.
  6155 | D:6      | Reached skill level 5 in Spellcasting
  6184 | D:6      | Noticed Edmund
  6184 | D:6      | You are sucked into a shaft and drop 1 floor!
  6216 | D:7      | Noticed Harold
  6252 | D:7      | Reached skill level 11 in Air Magic
  6732 | D:7      | Paralysed by Harold for 7 turns
  6743 | D:7      | Paralysed by Harold for 7 turns
  6745 | D:7      | Mangled by Harold

Illustrated notes

Levels and vault maps discovered:
D:1:      eino_arrival_water_star, layout_basic,
          hellmonk_ecumenical_altar_heavens_door
D:2:      layout_loops_ring, uniq_robin
D:3:      layout_rooms, interstate_on_off, uniq_natasha
D:4:      layout_cave_pods, gammafunk_ghost_cemetery, kennysheep_generic_room_8,
          uniq_sigmund, uniq_ijyb, uniq_menkaure, uniq_pikel
D:5:      layout_rooms, overflow_temple_1_default, serial_undead,
          serial_undead_a, serial_undead_c, serial_undead_e, serial_undead_d,
          kennysheep_generic_room_11, uniq_grinder
D:6:      layout_basic, lightli_temple_of_fire, grunt_temple_overflow_open,
          mainiacjoe_overflow_small_starburst, minmay_temple_entry_from_below_a,
          nrook_pool_corridor, uniq_edmund
D:7:      layout_cave_pools, mainiacjoe_overflow_alcove_3, uniq_harold

Skill      XL: |  1  2  3  4  5  6  7  8  9 |
---------------+----------------------------+-----
Conjurations   | 2 4 5 7 8 |  8.6
Spellcasting   | 3 4 5 |  5.9
Air Magic      | 5 7 8 9 11 | 11.4
Dodging        | 4 5 |  5.0
Stealth        | |  2.0

Action                   |  1- 3 |  4- 6 |  7- 9 || total
-------------------------+-------+-------+-------++-------
Melee: Unarmed           |     2 |       |       ||     2
       Dagger            |     1 |     2 |       ||     3
       Kick              |     1 |       |    14 ||    15
       Whip              |       |       |    54 ||    54
       Peck              |       |       |    12 ||    12
 Cast: Shock             |    61 |    86 |   148 ||   295
       Static Discharge  |       |     3 |     8 ||    11
       Airstrike         |       |       |     2 ||     2
Evoke: Wand              |       |       |     1 ||     1
  Use: Potion            |       |     2 |       ||     2
       Scroll            |       |       |    10 ||    10
 Stab: Sleeping          |       |       |     2 ||     2
Armor: Robe              |     4 |     8 |    25 ||    37
Dodge: Dodged            |    14 |    25 |   111 ||   150
